Map: [ESL] Goldenaura

Players

Nice - Winner!

  • Race: Protoss Protoss
  • Spawn Location: 12:00

XYXY (XY)

  • Race: Terran Terran
  • Spawn Location: 5:00

Event: ESL SC2 Masters 2023 Winter (Regional)

VOD

Have the link to the VOD?

Description

Time

  • Played on: Nov. 3, 2023, 7:56 a.m.
  • Length: 13:29

All games in this series

Show
View Real Time Build Order
Export as new Build Order

Nice Protoss - Winner!

Build Orders: 1 Gate Expand, Oracle Opening 

Get SALT Encoding   

  12  0:00  Probe  
  13  0:13  Probe  
  14  0:18  Pylon  
  14  0:25  Probe (Chrono Boost)  
  15  0:37  Gateway, Probe (Chrono Boost)  
  15  0:42  Probe (Chrono Boost)  
  16  0:46  Assimilator  
  17  0:54  Probe  
  18  1:06  Probe  
  19  1:18  Probe  
  20  1:26  Cybernetics Core  
  20  1:34  Nexus  
  20  1:40  Pylon  
  20  1:47  Assimilator  
  20  1:49  Probe  
  21  2:00  Adept (Chrono Boost)  
  21  2:01  Probe  
  24  2:12  Shield Battery  
  24  2:13  Probe  
  25  2:23  Stargate  
  25  2:24  Adept (Chrono Boost)  
  28  2:30  Probe  
  28  2:38  Warp Gate  
  28  2:42  Probe  
  29  2:54  Probe  
  29  2:58  Probe  
  31  3:04  Oracle (Chrono Boost)  
  31  3:06  Probe  
  31  3:10  Probe  
  36  3:18  Probe  
  37  3:22  Probe  
  37  3:26  Twilight Council  
  38  3:30  Probe  
  39  3:38  Probe  
  40  3:42  Probe  
  41  3:50  Probe  
  41  3:54  Probe  
  41  3:55  Gateway  
  43  3:57  Gateway  
  43  3:59  Pylon  
  43  4:00  Gateway  
  43  4:02  Probe  
  44  4:06  Probe  
  45  4:10  Blink (Chrono Boost)  
  43  4:17  Probe  
  43  4:19  Probe  
  43  4:23  Gateway, Assimilator  
  43  4:26  Stalker  
  43  4:30  Pylon, Probe  
  48  4:38  Probe  
  45  4:42  Probe  
  44  4:49  Stalker  
  44  4:50  Probe  
  44  4:52  Stalker x2  
  51  4:54  Probe  
  52  5:11  Stalker  
  52  5:12  Nexus  
  50  5:24  Stalker x2  
  50  5:26  Probe  
  52  5:29  Stalker  
  52  5:34  Probe  
  54  5:37  Phoenix (Chrono Boost)  
  56  5:43  Probe  
  56  5:48  Stalker  
  59  5:53  Stalker  
  61  6:11  Probe  
  62  6:12  Pylon  
  62  6:13  Pylon  
  62  6:15  Pylon  
  62  6:19  Probe  
  62  6:23  Probe  
  56  6:29  Stalker x3  
  56  6:30  Stalker  
  56  6:31  Stalker  
  67  6:50  Stalker  
  67  6:51  Stalker  
  68  6:54  Stalker x2  
  68  6:55  Stalker  
  68  6:57  Probe  
  68  6:58  Probe  
  68  7:00  Probe  
  64  7:23  Probe (Chrono Boost)  
  64  7:25  Stalker x5  
  64  7:28  Probe x2 (Chrono Boost)  
  77  7:35  Probe (Chrono Boost)  
  77  7:36  Charge (Chrono Boost)  
  80  7:37  Probe x2 (Chrono Boost)  
  80  7:40  Probe (Chrono Boost)  
  80  7:42  Probe (Chrono Boost)  
  81  7:46  Probe  
  81  7:49  Probe  
  82  7:54  Probe  
  82  7:58  Probe  
  66  8:12  Gateway  
  64  8:13  Gateway  
  64  8:16  Forge  
  64  8:17  Gateway, Templar Archives  
  64  8:18  Zealot x5  
  74  8:26  Gateway  
  74  8:33  Shield Battery  
  74  8:36  Pylon  
  74  8:39  Sentry, Zealot x3  
  74  8:40  Forge  
  82  8:41  Zealot, Protoss Ground Armor Level 1 (Chrono Boost)  
  84  8:57  Pylon  
  84  9:02  Zealot x5  
  94  9:06  High Templar  
  94  9:09  Protoss Ground Weapons Level 1 (Chrono Boost)  
  96  9:10  High Templar, Pylon  
  96  9:11  Zealot  
  96  9:14  Archon  
  100  9:23  Zealot x2  
  104  9:24  Nexus  
  104  9:26  Shield Battery  
  104  9:30  Zealot x2  
  108  9:31  Zealot  
  108  9:34  Zealot  
  108  9:38  Zealot  
  114  9:41  Pylon  
  114  9:50  Zealot x5  
  124  10:02  Zealot x4  
  130  10:16  Pylon  
  130  10:17  Pylon x2  
  130  10:19  Pylon  
  130  10:29  Pylon  
  130  10:31  Pylon  
  130  10:36  Zealot x5  
  130  10:40  Protoss Ground Armor Level 2 (Chrono Boost)  
  140  10:45  High Templar x2  
  144  10:50  Archon  
  144  10:58  Protoss Ground Weapons Level 2 (Chrono Boost)  
  142  11:05  Zealot x6  
  142  11:09  Pylon  
  154  11:19  Stalker x2  
  158  11:27  Zealot x5  
  158  11:28  Zealot  
  111  11:48  Zealot x8  
  111  11:52  Probe x4  
  113  12:04  Probe x2  
Show
View Real Time Build Order
Export as new Build Order

XYXY Terran 

Build Orders: Gas First Reaper Expand, Liberator Opening 

Get SALT Encoding   

  12  0:00  SCV  
  13  0:12  SCV  
  14  0:17  Supply Depot  
  14  0:24  SCV  
  15  0:35  Refinery  
  15  0:39  SCV  
  16  0:44  Barracks  
  16  0:51  SCV  
  17  1:03  SCV  
  18  1:15  SCV  
  19  1:30  Orbital Command  
  19  1:31  Reaper  
  20  1:48  Command Center  
  20  1:56  SCV  
  20  1:57  Factory  
  21  2:03  Refinery  
  21  2:08  SCV  
  22  2:12  Supply Depot  
  22  2:15  Barracks Reactor  
  22  2:20  SCV  
  23  2:34  SCV  
  24  2:41  Starport  
  24  2:43  Hellion  
  26  2:46  SCV  
  26  2:51  Marine x2  
  29  2:58  SCV  
  29  3:01  Orbital Command  
  29  3:04  Widow Mine  
  31  3:08  Marine  
  31  3:09  Marine  
  31  3:10  SCV  
  34  3:18  Medivac  
  36  3:22  SCV  
  36  3:26  Marine x2  
  39  3:31  Orbital Command  
  37  3:34  Cyclone  
  37  3:38  SCV  
  39  3:44  Marine x2  
  39  3:47  Liberator  
  44  3:50  SCV  
  44  3:55  Supply Depot  
  45  4:02  SCV  
  46  4:05  Barracks  
  44  4:10  Cyclone  
  44  4:11  Marine  
  44  4:12  Marine  
  45  4:25  SCV x2  
  47  4:31  Marine  
  47  4:32  Marine  
  47  4:37  SCV  
  50  4:40  SCV  
  50  4:43  Starport Reactor, Factory Tech Lab  
  50  4:45  Barracks  
  51  4:49  Marine x2, SCV  
  54  4:53  Supply Depot  
  52  5:07  Marine x2  
  52  5:13  Supply Depot  
  54  5:15  Siege Tank, SCV  
  53  5:23  SCV  
  53  5:25  Marine x2  
  53  5:26  Bunker  
  53  5:27  SCV  
  55  5:35  SCV  
  56  5:37  Barracks Tech Lab x2  
  56  5:39  SCV  
  57  5:45  Marine x2  
  57  5:47  Siege Tank, SCV  
  63  5:51  SCV  
  63  5:52  Refinery  
  63  5:54  Engineering Bay  
  64  5:59  SCV  
  64  6:03  SCV  
  66  6:08  Stimpack, Marauder x2  
  66  6:11  Supply Depot  
  61  6:12  SCV  
  61  6:15  Combat Shield, SCV, Marine x2  
  65  6:19  Siege Tank  
  65  6:24  SCV  
  61  6:27  SCV  
  61  6:31  Terran Infantry Weapons Level 1  
  62  6:35  Marauder, Supply Depot  
  62  6:38  SCV  
  62  6:39  SCV  
  64  6:42  Refinery  
  64  6:43  Marine, Marauder  
  64  6:45  Marine  
  68  6:50  SCV  
  68  6:57  Barracks, Marine  
  68  6:58  Barracks  
  69  7:01  Siege Tank  
  69  7:03  Marine x2  
  69  7:08  SCV  
  72  7:12  Marauder  
  63  7:15  Marine  
  63  7:18  SCV  
  63  7:21  Marine  
  57  7:24  Marine  
  57  7:28  Medivac  
  60  7:36  Siege Tank  
  63  7:40  Marauder  
  63  7:41  SCV  
  63  7:42  SCV  
  67  7:48  Concussive Shells  
  65  7:53  SCV  
  65  7:54  SCV  
  59  8:01  Marauder  
  59  8:02  Marine x2  
  54  8:08  Marine  
  54  8:09  Marine  
  54  8:10  Marine  
  55  8:12  SCV  
  55  8:16  SCV  
  55  8:19  Marine x2  
  56  8:22  Marauder  
  56  8:24  SCV  
  56  8:26  Marine  
  63  8:27  Supply Depot  
  63  8:28  Factory Tech Lab  
  63  8:29  Medivac  
  63  8:30  Barracks Tech Lab  
  63  8:31  SCV  
  63  8:32  Marine  
  65  8:37  Marine x2, Medivac, SCV  
  70  8:41  Missile Turret  
  70  8:43  Marine, Terran Infantry Armor Level 1, SCV  
  72  8:52  Siege Tank  
  72  8:53  Marine x3  
  78  8:55  Marine  
  78  8:56  Marine  
  78  9:01  Marine  
  81  9:11  Medivac, Marine x3  
  81  9:13  Marine  
  81  9:14  Marine  
  88  9:20  Marauder  
  88  9:23  Supply Depot  
  90  9:25  Siege Tank  
  90  9:28  Marine  
  90  9:29  Marauder  
  96  9:32  Marine x2  
  96  9:34  Marine  
  99  9:38  Medivac  
  99  9:43  Supply Depot  
  99  9:45  Marauder  
  103  9:46  Supply Depot  
  102  9:57  Marauder  
  104  10:07  Marine x5  
  103  10:08  Liberator  
  103  10:12  Liberator  
  114  10:17  Marine  
  115  10:24  Marine x2  
  115  10:25  Marine  
  115  10:28  Marine x2  
  119  10:31  Siege Tank  
  119  10:35  Marine  
  123  10:42  Marine x2  
  125  10:44  Supply Depot  
  125  10:45  Marine  
  125  10:46  Marine x2  
  125  10:48  Supply Depot  
  129  10:53  Marine  
  129  10:54  Liberator  
  129  10:55  Liberator  
  134  11:00  Marine  
  134  11:04  Marauder  
  134  11:05  Marine x3  
  137  11:11  Marauder, Supply Depot  
  137  11:18  Marine  
  140  11:19  Siege Tank  
  140  11:23  Marine x2  
  145  11:29  Marine  
  146  11:38  Marine  
  143  11:43  Marine  
  90  11:52  Marine  
Tags
 
Add a new tag
Caveats
  • Supply blocks, unpowered buildings, or Contaminate may cause inaccurate times.
  • Supply counts are checked every 10 seconds.